 Dungeon Crawl Stone Soup version 0.29-a0-289-g2178c42546 (webtiles) character file.

Game seed: 6654479906629692142

941 inmateoo the Skirmisher (level 7, -2/57 HPs)
             Began as a Demonspawn Fighter on Mar 18, 2022.
             Was a Follower of Okawaru.
             Slain by a gargoyle
             ... wielding a +0 flail
              (9 damage)
             ... on level 6 of the Dungeon.
             The game lasted 00:04:55 (5482 turns).

inmateoo the Skirmisher (Demonspawn Fighter)        Turns: 5482, Time: 00:04:56

Health: -2/57      AC: 17    Str: 18    XL:     7   Next: 88%
Magic:  8/8        EV:  4    Int:  9    God:    Okawaru [*.....]
Gold:   235        SH: 14    Dex: 13    Spells: 6/6 levels left

rFire   . . .      SeeInvis .   a - +1 war axe
rCold   . . .      Faith    .   n - +0 kite shield
rNeg    . . .      Spirit   .   h - +0 plate armour
rPois   .          Reflect  +   (no helmet)
rElec   .          Harm     .   q - +2 cloak {Will+}
rCorr   .          Rampage  .   (no gloves)
Will    +....                   (no boots)
Stlth   ..........              e - amulet of reflection
HPRegen 0.19/turn               j - ring of wizardry
MPRegen 0.11/turn               (no ring)

@: no status effects
A: rugged brown scales 2, spiny 1
a: Renounce Religion, Heroism


You were on level 6 of the Dungeon.
You worshipped Okawaru.
Okawaru was aware of your devotion.
You visited 2 branches of the dungeon, and saw 7 of its levels.

You collected 235 gold pieces.

Inventory:

Hand Weapons
 a - a +1 war axe (weapon)
Armour
 h - a +0 plate armour (worn)
 n - a +0 kite shield (worn)
 q - a +2 cloak of willpower (worn)
Jewellery
 e - an amulet of reflection (around neck)
 j - a ring of wizardry (left hand)
 k - a ring of wizardry
Wands
 p - a wand of polymorph (11)
Scrolls
 c - a scroll of identify
 l - a scroll of blinking
 o - a scroll of teleportation
Potions
 d - 2 potions of might
 f - a potion of cancellation
 g - a potion of brilliance
 i - a potion of lignification
 m - 3 potions of ambrosia
 r - a potion of heal wounds


   Skills:
 + Level 4.7 Fighting
 - Level 2.3(3.7) Axes
 * Level 4.4(4.8) Maces & Flails
 + Level 4.3 Armour
 + Level 1.8 Dodging
 + Level 4.3 Shields
 + Level 2.0 Invocations


You had 6 spell levels left.
You didn't know any spells.
Your spell library contained the following spells:

 Spells                   Type           Power      Damage    Failure   Level
 Scorch                   Fire           0%         2d5       100%        2
 Confusing Touch          Hex            0%         N/A       100%        3
 Dazzling Flash           Conj/Hex       0%         N/A       100%        3
 Flame Wave               Conj/Fire      0%         2d4       100%        4
 Agony                    Necr           0%         N/A       100%        5
 Silence                  Hex/Air        0%         N/A       100%        5
 Yara's Violent Unravell  Hex/Tmut       0%         3d3       100%        5
 Enfeeble                 Hex            0%         N/A       100%        7
 Summon Cactus Giant      Summ           Unusable   N/A       N/A         6

Dungeon Overview and Level Annotations

Branches:
Dungeon (6/15)             Temple (1/1) D:5

Altars:
Dithmenos
Elyvilon
Fedhas
Gozag
Okawaru
Qazlal
Sif Muna
Uskayaw
The Shining One

Shops:
D:1 *((


Innate Abilities, Weirdness & Mutations

You are mostly covered in rugged brown scales. (AC +2, +5% HP)
You are partially covered in sharp spines.


Message History

a +0 long sword; a +1 scale mail
There is a stone staircase leading down, spattered with blood here.
You climb downwards.
You hear the sound of rushing water.
There is an entrance to a sewer on this level.
Hurry and find it before the portal rusts away!
You hear the rapid rusting of a distant drain.
There is a stone staircase leading up, spattered with blood here.
A gargoyle is nearby!
Found a falchion.
The gargoyle hurls a stone arrow at you.
The stone arrow hits you.
The gargoyle hurls a stone arrow at you.
The stone arrow reflects off an invisible shield around you!
The stone arrow hits the gargoyle.
You hit the gargoyle but do no damage.
The gargoyle is lightly damaged.
The gargoyle hits you but does no damage.
You hit the gargoyle.
The gargoyle is moderately damaged.
The gargoyle hurls a stone arrow at you.
The stone arrow hits you!!
The gargoyle hurls a stone arrow at you.
The stone arrow reflects off an invisible shield around you!
The stone arrow hits the gargoyle.
You closely miss the gargoyle.
The gargoyle is heavily damaged.
The gargoyle hurls a stone arrow at you.
The stone arrow hits you!
You are too injured to fight recklessly!
You hit the gargoyle but do no damage.
The gargoyle is heavily damaged.
The gargoyle hurls a stone arrow at you.
The stone arrow hits you!
* * * LOW HITPOINT WARNING * * *
The gargoyle hits you with a +0 flail!
* * * LOW HITPOINT WARNING * * *
You hit the gargoyle.
The gargoyle is heavily damaged.
The gargoyle hits you with a +0 flail!
You die...

.....).†.....................#...
.#...........................#.#.
.#..........##.[)..............#.
#..........###..................
............##.##.........##.....
.......................... ...#..
##......##......<........ #.. ##.
#.....##....(........... ...
##......@........
#.......9......#.
.>...#.......#.##
.............#..# [.......#..##
.# ...>..# #.# ....). .. .....#
.#.


You could see a gargoyle.

Vanquished Creatures
  Prince Ribbit (D:5)
  An orc warrior (D:5)
  A sky beast (D:5)
  A bullfrog (D:6)
  2 scorpions (D:5)
  A hound (D:5)
  Crazy Yiuf (D:4)
  An orc priest (D:6)
  A jelly (D:5)
  An iguana (D:5)
  6 gnolls
  6 adders
  An ufetubus (D:5)
  2 worms
  7 dart slugs
  7 orcs
  6 bats
  8 endoplasms
  2 giant cockroaches
  7 goblins
  5 hobgoblins
  5 jackals (D:2)
  4 quokkas
  2 ball pythons
  2 frilled lizards
  4 kobolds
  7 rats
92 creatures vanquished.

Vanquished Creatures (others)
  3 fungi (D:4)
3 creatures vanquished.

Grand Total: 95 creatures vanquished

Notes
Turn   | Place    | Note
-------+----------+-------------------------------------------
     0 | D:1      | inmateoo the Demonspawn Fighter began the quest for the
                  | Orb.
     0 | D:1      | Reached XP level 1. HP: 18/18 MP: 1/1
    23 | D:1      | Found a faded altar of an unknown god.
    42 | D:1      | Gained mutation: You are partially covered in sharp spines.
                  | [demonic ancestry]
    42 | D:1      | Reached XP level 2. HP: 14/24 MP: 2/2
   230 | D:1      | Found Giuder's Assorted Antiques.
   258 | D:1      | Found Migeg's Weapon Emporium.
   405 | D:1      | Found Bianleyk's Weapon Boutique.
   601 | D:2      | Reached XP level 3. HP: 25/29 MP: 3/3
   990 | D:2      | Reached skill level 1 in Maces & Flails
  1201 | D:2      | Gained mutation: You are partially covered in rugged brown
                  | scales. (AC +1, +3% HP) [demonic ancestry]
  1201 | D:2      | Reached XP level 4. HP: 26/36 MP: 4/4
  2602 | D:4      | Gained mutation: You are mostly covered in rugged brown
                  | scales. (AC +2, +5% HP) [demonic ancestry]
  2602 | D:4      | Reached XP level 5. HP: 29/43 MP: 5/5
  2989 | D:4      | You fall into a shaft and drop 1 floor!
  2989 | D:5      | Entered Level 5 of the Dungeon
  3562 | D:4      | Found a runed translucent door.
  3563 | D:4      | Noticed Crazy Yiuf
  3574 | D:4      | Killed Crazy Yiuf
  3697 | D:5      | Reached XP level 6. HP: 30/50 MP: 6/6
  4222 | D:5      | Found a staircase to the Ecumenical Temple.
  4252 | Temple   | Entered the Ecumenical Temple
  4591 | Temple   | Became a worshipper of Warmaster Okawaru
  4689 | D:5      | Noticed Prince Ribbit
  4706 | D:5      | Killed Prince Ribbit
  4707 | D:5      | Reached skill level 1 in Dodging
  4707 | D:5      | Reached XP level 7. HP: 49/57 MP: 7/7
  4884 | D:6      | Noticed a gargoyle
  5190 | D:5      | Reached * piety under Okawaru
  5191 | D:5      | Reached skill level 1 in Invocations
  5482 | D:6      | Slain by a gargoyle

Illustrated notes

Levels and vault maps discovered:
D:1:      minmay_arrival_radiant_lines, layout_loops_cross,
          hellmonk_ecumenical_altar_blasted, serial_shops,
          nicolae_shop_waterfront, nicolae_shop_trees,
          nicolae_shop_bloodbath_and_beyond
D:2:      layout_basic
D:3:      layout_rooms, serial_co_window_serial, co_window_corner_a,
          co_window_paths_b, co_window_of_opportunity_a, co_window_paths_a,
          co_window_of_opportunity_a, co_window_of_opportunity_b,
          co_window_unsneaky_path_a, co_window_paths_c, co_window_4corner_a,
          co_window_sun, glass_columns_a, glass_columns_a, glass_columns_b,
          glass_columns_a, glass_columns_c
D:4:      layout_basic, serial_rivers, chequers_serial_rivers_micro_c,
          chequers_serial_rivers_micro_b, chequers_serial_rivers_micro_b,
          chequers_serial_rivers_micro_e, chequers_serial_rivers_large_b,
          bh_walls_and_bars, uniq_crazy_yiuf_cottage
D:5:      layout_basic, minmay_temple_entry_tees, minivault_23,
          uniq_prince_ribbit1
D:6:      layout_cave_pools, mainiacjoe_overflow_alcove_2, kennysheep_mini_moat,
          portal_sewer_entry_d
Temple:   compressed_dpeg_triangle_lava_temple

Skill      XL: |  1  2  3  4  5  6  7 |
---------------+----------------------+-----
Axes           | 2 |  2.3
Armour         | 3 4 |  4.3
Shields        | 3 4 |  4.3
Maces & Flails | 1 2 3 4 |  4.4
Fighting       | 4 |  4.7
Dodging        | 1 |  1.8
Invocations    | 2 |  2.0

Action                   |  1- 3 |  4- 6 |  7- 9 || total
-------------------------+-------+-------+-------++-------
Melee: War axe           |    60 |   126 |    32 ||   218
  Use: Scroll            |       |    10 |     4 ||    14
Armor: Scale mail        |    32 |    40 |    13 ||    85
       Plate armour      |       |       |     3 ||     3
Dodge: Dodged            |    18 |    38 |     8 ||    64
Block: Buckler           |    18 |    52 |       ||    70
       Reflection        |       |     1 |     2 ||     3
       Kite shield       |       |    21 |    40 ||    61

Table legend: (Time is in decaauts)
 A = Elapsed time spent in this place.
 B = Non-inter-level travel time spent in this place.
 C = Inter-level travel time spent in this place.
 D = Time resting spent in this place.
 E = Time spent auto-exploring this place.
 F = Levels seen in this place.
 G = Mean time per level.
                   A        B        C        D        E       F      G
               +--------+--------+--------+--------+--------+-----+--------+
         Total |   5611 |   5367 |    244 |   1665 |   2894 |   7 |  801.6 |
       Dungeon |   5256 |   5061 |    195 |   1665 |   2597 |   6 |  876.0 |
        Temple |    354 |    305 |     49 |      0 |    297 |   1 |  354.0 |
               +--------+--------+--------+--------+--------+-----+--------+

Top non-repeatable levels by time:
     D:5: 1502 daAuts
     D:3: 1038 daAuts
     D:4: 1033 daAuts
     D:1: 812 daAuts
     D:2: 785 daAuts
  Temple: 354 daAuts
     D:6: 83 daAuts
